 Dungeon Crawl Stone Soup version 0.17-a0-2002-g92c7e20 (webtiles) character file.

220 graki42 the Magician (level 5, -7/28 HPs)
             Began as a Deep Elf Fire Elementalist on Oct 8, 2015.
             Mangled by asdu's ghost (11 damage)
             ... in a sewer.
             The game lasted 00:18:57 (3054 turns).

graki42 the Magician (Deep Elf Fire Elementalist)   Turns: 3054, Time: 00:18:58

Health: -7/28      AC:  3    Str:  6    XL:     5   Next: 64%
Magic:  6/15       EV: 13    Int: 20    God:
Gold:   105        SH:  0    Dex: 15    Spells: 4 memorised, 4 levels left

rFire  . . .     SeeInvis .     r - +4 quarterstaff (chaos)
rCold  . . .     Clarity  .     a - +0 robe
rNeg   . . .     SustAt   .     (no shield)
rPois  .         Gourm    .     (no helmet)
rElec  .         Spirit   .     u - +0 cloak
rCorr  .         Warding  .     (no gloves)
rMut   .         Stasis   +     (no boots)
MR     .....                    s - amulet of stasis
Stlth  ++........               (no ring)
                                (no ring)

@: not resistant to hostile enchantments, unstealthy
A: no striking features
a: no special abilities


You were in a sewer.
You were not hungry.

You visited 1 branch of the dungeon, and saw 4 of its levels.
You also visited: Sewer.

You collected 105 gold pieces.

Inventory:

Hand Weapons
 r - a +4 quarterstaff of chaos (weapon)
Armour
 a - a +0 robe (worn)
 u - a +0 cloak (worn)
Jewellery
 f - an uncursed ring of invisibility {unknown}
 o - an uncursed amulet of guardian spirit
 s - an amulet of stasis (around neck)
Wands
 n - a wand of flame (28)
 q - a wand of polymorph (11)
Scrolls
 e - 7 scrolls of identify {unknown}
 i - a scroll of enchant weapon
 m - a scroll of magic mapping
Potions
 k - a potion of might {unknown}
 l - 2 potions of mutation {unknown}
 p - a potion of poison {unknown}
 v - a potion of ambrosia {unknown}
 w - a potion of berserk rage {unknown}
Books
 b - a book of Flames

   Spells                             Type                      Level
   a - Flame Tongue                   Conjuration/Fire             1
   b - Throw Flame                    Conjuration/Fire             2
   c - Conjure Flame                  Conjuration/Fire             3
   d - Inner Flame                    Hexes/Fire                   3
   e - Sticky Flame                   Conjuration/Fire             4
   f - Fireball                       Conjuration/Fire             5
Comestibles
 c - 6 bread rations
 d - 2 beef jerkies
 j - 2 meat rations
 t - 8 fruits


   Skills:
 - Level 2.6 Dodging
 - Level 2.5 Stealth
 + Level 5.6 Spellcasting
 + Level 2.9 Conjurations
 + Level 1.3 Hexes
 + Level 4.6 Fire Magic


You had 4 spell levels left.
You knew the following spells:

 Your Spells              Type           Power        Failure   Level  Hunger
a - Flame Tongue          Conj/Fire      ###..        2%          1    None
b - Conjure Flame         Conj/Fire      ###.....     10%         3    ##.....
c - Inner Flame           Hex/Fire       ###.....     12%         3    ##.....
d - Sticky Flame          Conj/Fire      ###.....     24%         4    ####...


Dungeon Overview and Level Annotations

Branches:
Dungeon (4/15)
 Temple: D:4-7

Altars:
Sif Muna
Zin

Shops:
D:4 [

Annotations:
D:2 Sigmund Sewer asdu's ghost, amateur NaGl


Message History

Asdu's ghost is heavily damaged.
Asdu's ghost closely misses you.
Casting: Flame Tongue
Confirm with . or Enter, or press ? or * to list all spells.
Aiming: Flame Tongue
Press: ? - help, Shift-Dir - straight line, f/p - asdu's ghost
Aim: asdu's ghost (steam, heavily damaged)
The flame tongue hits asdu's ghost.
Asdu's ghost is severely damaged.
Asdu's ghost hits you!
* * * LOW HITPOINT WARNING * * *
Casting: Flame Tongue
Confirm with . or Enter, or press ? or * to list all spells.
Aiming: Flame Tongue
Press: ? - help, Shift-Dir - straight line, f/p - asdu's ghost
Aim: asdu's ghost (steam, severely damaged)
The flame tongue hits asdu's ghost.
Asdu's ghost is severely damaged.
Asdu's ghost hits you!
You die...

≈≈≈≈≈# #≈≈≈≈##
#≈≈≈≈# #≈†≈##
#††§≈# #≈§≈#
#≈§.# #≈W≈#
#≈@≈# ##≈≈≈#
#.≈≈≈# ##≈.≈##
##.≈≈≈#
###≈.≈≈##
####†≈≈≈≈## ###
#≈≈≈≈≈≈≈##
≈.#####≈†≈≈#####


You could see asdu's ghost.

Vanquished Creatures
  Crazy Yiuf (D:2)
  An orc wizard (D:3)
  3 adders
  A river rat (D:4)
  3 oozes
  A worm (D:2)
  4 giant geckos
  10 orcs (D:3)
  11 bats
  10 giant cockroaches
  9 goblins
  10 hobgoblins
  3 jackals (D:2)
  A quokka (D:3)
  9 ball pythons
  10 giant newts
  7 kobolds
  A quokka skeleton (D:4)
  6 rats
101 creatures vanquished.

Notes
Turn   | Place    | Note
--------------------------------------------------------------
     0 | D:1      | graki42 the Deep Elf Fire Elementalist began the quest for the Orb.
     0 | D:1      | Reached XP level 1. HP: 10/10 MP: 6/6
   127 | D:1      | Reached XP level 2. HP: 9/15 MP: 4/8
   710 | D:1      | Reached XP level 3. HP: 16/19 MP: 5/10
   867 | D:2      | Learned a level 3 spell: Conjure Flame
   871 | D:2      | Learned a level 3 spell: Inner Flame
   904 | D:2      | Reached skill level 4 in Fire Magic
  1297 | D:2      | Upgraded the game from 0.17-a0-1996-gd2c0ec8 to 0.17-a0-2002-g92c7e20
  1297 | D:2      | Noticed Crazy Yiuf
  1307 | D:2      | Killed Crazy Yiuf
  1307 | D:2      | Reached XP level 4. HP: 24/24 MP: 6/12
  1433 | D:2      | Noticed Sigmund
  1464 | D:3      | Found a glowing silver altar of Zin.
  1468 | D:3      | Reached skill level 1 in Hexes
  1711 | D:3      | Learned a level 4 spell: Sticky Flame
  1772 | D:3      | Reached XP level 5. HP: 28/28 MP: 11/14
  1779 | D:3      | Reached skill level 5 in Spellcasting
  2050 | D:3      | Found a deep blue altar of Sif Muna.
  2612 | D:4      | Found Arocrom's Antique Armour Shop.
  2693 | D:4      | Found a glowing drain.
  2718 | Sewer    | Entered a sewer
  3040 | Sewer    | Noticed asdu's ghost (amateur NaGl)
  3054 | Sewer    | Mangled by asdu's ghost

Vault maps used:
D:1:      lemuel_arrival_tunnels
D:2:      amethyst_overflow_temple_binary, uniq_sigmund, uniq_robin,
          uniq_crazy_yiuf_cottage
D:3:      nicolae_overflow_hidden_temple, led_sif_book, first_bread,
          serial_bayou_pond_e
D:4:      serial_shops, shop, portal_sewer_entry_b
Sewer:    sewer_frog_island_02

Action                   |  1- 3 |  4- 6 || total
-------------------------+-------+-------++-------
Melee: Quarterstaff      |       |     6 ||     6
 Cast: Flame Tongue      |    78 |    99 ||   177
       Inner Flame       |     2 |     4 ||     6
       Conjure Flame     |     1 |     1 ||     2
  Use: Scroll            |       |     6 ||     6
 Stab: Sleeping          |       |     1 ||     1
  Eat: Chunk             |     1 |     6 ||     7
